 Dungeon Crawl Stone Soup version 0.29.1-15-g9cfb28693d (webtiles) character file.

Game seed: 7573871658687363268

59 leafyfresh the Sneak (level 4, -1/33 HPs)
             Began as an Octopode Delver on Mar 5, 2023.
             Slain by an ice beast (12 damage)
             ... on level 5 of the Dungeon.
             The game lasted 00:00:40 (750 turns).

leafyfresh the Sneak (Octopode Delver)               Turns: 750, Time: 00:00:41

Health: -1/33      AC:  1    Str: 11    XL:     4   Next: 3%
Magic:  4/4        EV: 13    Int: 14    God:
Gold:   31         SH:  0    Dex: 13    Spells: 3/3 levels left

rFire   . . .      SeeInvis .   a - +0 short sword
rCold   . . .      Faith    .   (no shield)
rNeg    . . .      Spirit   .   (helmet restricted)
rPois   .          Reflect  .   (no amulet)
rElec   .          Harm     .   (no ring)
rCorr   .          Rampage  .   (no ring)
Will    .....                   (no ring)
Stlth   +++++.....              (no ring)
HPRegen 0.11/turn               (no ring)
MPRegen 0.09/turn               (no ring)
                                (no ring)
                                (no ring)

@: no status effects
A: almost no armour, amphibious, 8 rings, camouflage 1, gelatinous body 1,
nimble swimmer 1, tentacles
a: no special abilities


You were on level 5 of the Dungeon.
You visited 1 branch of the dungeon, and saw 1 of its levels.

You collected 31 gold pieces.

Inventory:

Hand Weapons
 a - a +0 short sword (weapon)
Wands
 f - a wand of digging (3)
Scrolls
 b - a scroll of fog
 c - a scroll of magic mapping
 d - a scroll of fear
 g - 2 scrolls of identify {unknown}
 h - a scroll of blinking {unknown}
 i - a scroll of immolation {unknown}
Potions
 e - a potion of haste


   Skills:
 + Level 3.6 Fighting
 - Level 2.0 Short Blades
 + Level 2.9 Dodging
 + Level 7.3 Stealth


You had 3 spell levels left.
You didn't know any spells.
Your spell library was empty.

Dungeon Overview and Level Annotations

Branches:
Dungeon (5/15)
 Temple: D:4-7

Altars:


Innate Abilities, Weirdness & Mutations

You cannot wear most types of armour.
You are amphibious.
You can wear up to eight rings at the same time.
Your skin changes colour to match your surroundings (Stealth+).
Your rubbery body absorbs attacks. (AC +1, EV +1)
You are camouflaged when in or above water. (Stealth+)
You have tentacles for arms and can constrict up to eight enemies at once.


Message History

You have reached level 4!
HP restored.
You see here an adder corpse.
Found 5 stones.
No target in view!
Found 6 stones.
h - a scroll labelled YMUTOOPR VAMAU No target in view!
You now have 31 gold pieces (gained 12).
You see here a +0 robe.
Found a ring mail.
No target in view!
Found 7 stones.
No target in view!
Found a stone staircase leading up.
No target in view!
i - a scroll labelled OCOINU SAOMNY No target in view!
No target in view!
An ice beast comes into view.
Found a coppery potion.
An ice beast is nearby!
Unknown command.
An ogre comes into view. It is wielding a +0 giant club.
The helpless ogre fails to defend itself.
You puncture the ogre!
The ogre is heavily wounded.
The ogre hits you with a +0 giant club!!
Ouch! That really hurt!
You hit the ogre but do no damage. You squeeze the ogre!
The ogre is almost dead.
You hit the ogre but do no damage.
The ogre is almost dead.
The ogre barely misses you. The ice beast barely misses you.
Unknown command.
You hit the ogre.
You kill the ogre!
You hear a splash.
The ice beast hits you. The ice beast freezes you!
You die...

.P.# #♣♣...#
#.###♣.....##.
####....P....P..
#.....♣..~~...#
#.......~~~~..#
#.....$~)Y~♣.P#
#......~♣@~~..#
#.......~~♣~..#
#......♣~♣♣...#
#!...$..♣~..♣.#
####.......♣.##
#####..P....#
#........P#.#
##.##...[..#.#
###....<..####.#


You could see an ice beast.

Vanquished Creatures
  An ogre (D:5)
  A howler monkey (D:5)
  2 adders (D:5)
4 creatures vanquished.

Notes
Turn   | Place    | Note
-------+----------+-------------------------------------------
     0 | D:5      | leafyfresh the Octopode Delver began the quest for the Orb.
     0 | D:5      | Reached XP level 1. HP: 16/16 MP: 1/1
    27 | D:5      | Reached XP level 2. HP: 21/21 MP: 2/2
    28 | D:5      | Noticed a howler monkey
    42 | D:5      | Killed a howler monkey
    43 | D:5      | Reached skill level 7 in Stealth
    43 | D:5      | Reached XP level 3. HP: 14/26 MP: 3/3
   535 | D:5      | Reached XP level 4. HP: 24/33 MP: 4/4
   741 | D:5      | Noticed an ice beast
   745 | D:5      | Noticed an ogre
   750 | D:5      | Killed an ogre
   750 | D:5      | Slain by an ice beast

Illustrated notes

Levels and vault maps discovered:
D:5:      layout_loops_cross, corexii_hall_statues_deadend, serial_bayou_pond_a

Skill      XL: |  1  2 |
---------------+-------+-----
Stealth        | 7 |  7.3
Fighting       | |  3.6
Short Blades   | |  2.0
Dodging        | |  2.9

Action                   |  1- 3 |  4- 6 || total
-------------------------+-------+-------++-------
Melee: Short sword       |     8 |     4 ||    12
       Tentacles         |     3 |     1 ||     4
       Constrict         |     2 |       ||     2
 Stab: Sleeping          |     1 |     1 ||     2
Dodge: Dodged            |     4 |     2 ||     6
